 Dungeon Crawl Stone Soup version 0.18.1-48-g4cf74bf (webtiles) character file.

58 HolyGrifer the Chopper (level 3, -2/49 HPs)
             Began as a Minotaur Berserker on Aug 16, 2016.
             Was a Believer of Trog.
             Slain by a gnoll
             ... wielding a cursed -1 halberd
              (11 damage)
             ... on level 3 of the Dungeon.
             The game lasted 00:07:36 (1107 turns).

HolyGrifer the Chopper (Minotaur Berserker)         Turns: 1107, Time: 00:07:37

Health: -2/49      AC:  6    Str: 27    XL:     3   Next: 75%
Magic:  2/2        EV: 11    Int:  4    God:    Trog [**....]
Gold:   55         SH:  0    Dex:  9    Spells: 0 memorised, 2 levels left

rFire  . . .     SeeInvis .     r - +0 war axe
rCold  . . .     Gourm    .     j - +0 ring mail
rNeg   . . .     Faith    .     (no shield)
rPois  .         Spirit   .     (helmet restricted)
rElec  .         Dismiss  .     (no cloak)
rCorr  .         Reflect  .     (no gloves)
SustAt .         Harm     .     k - +0 pair of boots
MR     .....                    f - amulet of rage
Stlth  ..........               (no ring)
                                (no ring)

@: berserking, very quick, not resistant to hostile enchantments, extremely
unstealthy
A: retaliatory headbutt, horns 2
a: Berserk, Trog's Hand, Burn Spellbooks, Renounce Religion, Evoke Berserk Rage


You were on level 3 of the Dungeon.
You worshipped Trog.
Trog was pleased with you.
You were hungry.

You visited 1 branch of the dungeon, and saw 3 of its levels.

You collected 55 gold pieces.

Inventory:

Hand Weapons
 a - a +0 hand axe
 r - a +0 war axe (weapon)
Armour
 b - a +0 animal skin
 j - a +0 ring mail (worn)
 k - a +0 pair of boots (worn)
Jewellery
 f - an amulet of rage (around neck)
Scrolls
 d - 4 scrolls of fear {unknown}
 e - 3 scrolls of enchant armour {unknown}
 h - a scroll of immolation {unknown}
 q - a scroll of fog {unknown}
 s - a scroll of recharging {unknown}
Potions
 g - a potion of might {unknown}
 l - a potion of berserk rage {unknown}
 m - a potion of curing {unknown}
 p - a potion of cure mutation {unknown}
Comestibles
 c - a bread ration
 i - a meat ration
 n - a slice of pizza
 o - a beef jerky


   Skills:
 + Level 4.3 Fighting
 + Level 4.7 Axes
 + Level 2.8 Armour
 + Level 2.5 Dodging


You had 2 spell levels left.
You didn't know any spells.

Dungeon Overview and Level Annotations

Branches:
Dungeon (3/15)

Altars:


Innate Abilities, Weirdness & Mutations

You reflexively headbutt those who attack you in melee.
You have a pair of horns on your head.


Message History

You hit the hobgoblin.
The hobgoblin is lightly wounded.
You slash the quokka!
You kill the quokka!
Trog accepts your kill.
You closely miss the gnoll. The gnoll hits you with a flail.
The gnoll hits you from afar with a halberd.
* * * LOW HITPOINT WARNING * * *
The hobgoblin barely misses you. You furiously retaliate!
You headbutt the hobgoblin.
You kill the hobgoblin!
Trog accepts your kill. The gnoll hits you but does no damage.
You barely miss the gnoll.
The gnoll is severely wounded.
You slash the gnoll!
The gnoll is severely wounded.
The gnoll closely misses you.
The gnoll hits you from afar with a halberd!
You die...

.. ...
########### .
..###......%...
..#..............
....#....<.......
.................
#...(...)........
##.(.@........<
......#gg........
.....##g>........
.)..##......#....
...##..###.....##
.. #... .$....# .
#.... .......
..... ......


You could see 3 gnolls.

Vanquished Creatures
  An adder (D:2)
  A gnoll (D:1)
  A worm (D:2)
  A dart slug (D:1)
  A giant gecko (D:1)
  2 ball pythons
  2 giant cockroaches
  5 goblins
  6 hobgoblins
  A quokka (D:3)
  2 bats
  4 giant newts
  5 kobolds
  A rat (D:1)
  A fungus (D:1)
34 creatures vanquished.

Notes
Turn   | Place    | Note
--------------------------------------------------------------
     0 | D:1      | HolyGrifer the Minotaur Berserker began the quest for the Orb.
     0 | D:1      | Reached XP level 1. HP: 19/19 MP: 0/0
    69 | D:1      | Reached XP level 2. HP: 21/27 MP: 1/1
   459 | D:1      | Reached XP level 3. HP: 33/33 MP: 2/2
   818 | D:2      | Reached ** piety under Trog
  1107 | D:3      | Slain by a gnoll

Skill      XL: |  1  2 |
---------------+-------+-----
Axes           | 4 |  4.7
Fighting       | 4 |  4.3
Armour         | |  2.8
Dodging        | |  2.5

Action                   || total
-------------------------++-------
Melee: Hand axe          ||    75
       Headbutt          ||     9
       War axe           ||     5
Invok: Berserk           ||     1
Armor: Ring mail         ||    20
       Animal skin       ||     3
Dodge: Dodged            ||    57
